 Dungeon Crawl Stone Soup version 0.19-a0-1532-g228a5d9 (webtiles) character file.

12905 Amnesiac the Destroyer (level 11, -9/68 HPs)
             Began as a Mummy Earth Elementalist on Sept 13, 2016.
             Was a High Priest of Sif Muna.
             Mangled by a freezing wraith (10 damage)
             ... in an ice cave.
             The game lasted 00:37:36 (20019 turns).

Amnesiac the Destroyer (Mummy Earth Elementalist)  Turns: 20019, Time: 00:37:37

Health: -9/68      AC:  7    Str: 12    XL:     11   Next: 68%
Magic:  5/23       EV: 15    Int: 18    God:    Sif Muna [*****.]
Gold:   743        SH:  0    Dex: 12    Spells: 6 memorised, 6 levels left

rFire  x . .     SeeInvis .     n - +1 spear (flame)
rCold  + . .     Gourm    .     t - +2 robe of Ujaeles {rN+}
rNeg   + + +     Faith    .     (no shield)
rPois  ∞         Spirit   .     (no helmet)
rElec  .         Dismiss  .     w - +0 cloak
rCorr  .         Reflect  .     (no gloves)
MR     +....     Harm     .     m - +1 pair of boots
Stlth  ++........               e - amulet of regeneration
                                (no ring)
                                o - +3 ring of evasion

@: very slightly contaminated, slowed, divine energy, very slow
A: no food or potions, fire vulnerability, cold resistance 1, negative energy
resistance 3, torment resistance, unbreathing
a: Stop Divine Energy, Channel Magic, Forget Spell, Renounce Religion


You were in an ice cave.
You worshipped Sif Muna.
Sif Muna was extremely pleased with you.
You were not hungry.

You visited 2 branches of the dungeon, and saw 13 of its levels.
You also visited: Ice Cave.

You collected 743 gold pieces.

Inventory:

Hand Weapons
 l - a +0 lajatang
 n - a +1 spear of flaming (weapon)
Missiles
 b - 399 stones (quivered)
Armour
 m - a +1 pair of boots (worn)
 t - the +2 robe of Ujaeles (worn) {rN+}
   (You found it on level 12 of the Dungeon)

   It protects you from negative energy.
 w - a +0 cloak (worn)
Jewellery
 e - an amulet of regeneration (around neck)
 o - a +3 ring of evasion (left hand)
 y - an uncursed amulet of dismissal
Wands
 i - a wand of digging (6/24)
 q - a wand of teleportation (6/9)
 u - a wand of disintegration (9/24)
Scrolls
 a - 10 scrolls of identify
 f - 4 scrolls of enchant weapon
 g - 2 scrolls of recharging
 h - a scroll of enchant armour
 j - 4 scrolls of teleportation
 k - 2 scrolls of amnesia
 x - a scroll of fog
 B - a scroll of remove curse
Books
 d - a book of Geomancy

   Spells                             Type                      Level
   a - Sandblast                      Earth                        1
   b - Passwall                       Transmutation/Earth          2
   c - Stone Arrow                    Conjuration/Earth            3
   d - Petrify                        Transmutation/Earth          4
   e - Lee's Rapid Deconstruction     Earth                        5
 r - a book of Ice

   Spells                             Type                      Level
   a - Ice Form                       Ice/Transmutation            4
   b - Metabolic Englaciation         Hexes/Ice                    5
   c - Ozocubu's Refrigeration        Ice                          6
   d - Bolt of Cold                   Conjuration/Ice              6
   e - Freezing Cloud                 Conjuration/Ice/Air          6
   f - Simulacrum                     Ice/Necromancy               6
 s - the Reference Book on Companions
   (You found it on level 12 of the Dungeon)

   Spells                             Type                      Level
   a - Summon Small Mammal            Summoning                    1
   b - Call Imp                       Summoning                    2
   c - Summon Lightning Spire         Summoning/Air                4
   d - Summon Mana Viper              Hexes/Summoning              5
   e - Spellforged Servitor           Conjuration/Summoning        7
 v - a book of Changes

   Spells                             Type                      Level
   a - Beastly Appendage              Transmutation                1
   b - Sticks to Snakes               Transmutation                2
   c - Spider Form                    Transmutation/Poison         3
   d - Ice Form                       Ice/Transmutation            4
   e - Blade Hands                    Transmutation                5
 z - Luizoj's Papyrus of Beguiling and the Volcanoes
   (Sif Muna gifted it to you on level 9 of the Dungeon)

   Spells                             Type                      Level
   a - Confusing Touch                Hexes                        1
   b - Confuse                        Hexes                        3
   c - Sticky Flame                   Conjuration/Fire             4
   d - Fulminant Prism                Conjuration/Hexes            4
   e - Bolt of Magma                  Conjuration/Fire/Earth       5
   f - Fireball                       Conjuration/Fire             5
   g - Bolt of Fire                   Conjuration/Fire             6
 A - a Young Poisoner's Handbook

   Spells                             Type                      Level
   a - Sting                          Conjuration/Poison           1
   b - Mephitic Cloud                 Conjuration/Poison/Air       3
   c - Olgreb's Toxic Radiance        Poison                       4
   d - Alistair's Intoxication        Transmutation/Poison         5
   e - Venom Bolt                     Conjuration/Poison           5
 C - a book of Power

   Spells                             Type                      Level
   a - Fulminant Prism                Conjuration/Hexes            4
   b - Iskenderun's Mystic Blast      Conjuration                  4
   c - Venom Bolt                     Conjuration/Poison           5
   d - Bolt of Magma                  Conjuration/Fire/Earth       5
   e - Iron Shot                      Conjuration/Earth            6
   f - Orb of Destruction             Conjuration                  7
   g - Spellforged Servitor           Conjuration/Summoning        7


   Skills:
 - Level 1.5 Dodging
 - Level 1.5 Stealth
 + Level 8.5 Spellcasting
 - Level 10.1 Conjurations
 - Level 0.7 Transmutations
 - Level 10.0 Earth Magic


You had 6 spell levels left.
You knew the following spells:

 Your Spells              Type           Power        Failure   Level  Hunger
b - Sandblast             Erth           #####.       1%          1    N/A
c - Iron Shot             Conj/Erth      #####.....   24%         6    N/A
e - Petrify               Tmut/Erth      ####....     12%         4    N/A
f - Lee's Rapid Deconstr  Erth           #####.....   4%          5    N/A
v - Passwall              Tmut/Erth      ####......   1%          2    N/A
z - Stone Arrow           Conj/Erth      #####.       1%          3    N/A

Dungeon Overview and Level Annotations

Branches:
Dungeon (12/15)            Temple (1/1) D:4            Lair (0/6) D:10
    Orc (0/2) D:11

Altars:
Ashenzari
Cheibriados
Dithmenos
Elyvilon
Fedhas
Gozag
Hepliaklqana
Kikubaaqudgha
Makhleb
Nemelex Xobeh
Okawaru
Qazlal
Ru
Sif Muna
Trog
Uskayaw
Vehumet
Xom
Yredelemnul
The Shining One

Shops:
D:4 (


Innate Abilities, Weirdness & Mutations

You do not eat or drink.
Your flesh is vulnerable to fire.
You are immune to poison.
Your flesh is cold resistant. (rC+)
You are immune to negative energy. (rN+++)
You are immune to unholy pain and torment.
You can survive without breathing.


Message History

There is an ice choked empty arch of ancient stone here.
Your surroundings seem slightly different.
As you read the scroll of teleportation, it crumbles to dust.
You feel strangely unstable. The freezing wraith closely misses you.
The freezing wraith barely misses you.
Your surroundings suddenly seem different. 2 freezing wraiths come into view.
As you read the scroll of teleportation, it crumbles to dust.
You feel strangely unstable.
Your surroundings suddenly seem different.
The ice beast barely misses you.
Found four items.
An ice beast and 3 freezing wraiths come into view.
The freezing wraith barely misses you. The freezing wraith hits you!
* * * LOW HITPOINT WARNING * * *
The freezing wraith drains your vigour!
You feel yourself slow down. The ice beast misses you.
The freezing wraith hits you.
* * * LOW HITPOINT WARNING * * *
The freezing wraith freezes you! You resist.
You die...

W.## #..## .##
###...### .#
##.......####
##
#.........([#
##
#.........??#
.##
#.........#
..#
#.......W##
..#
##..###..WYW##
.## #..##
#####@.# ##
#...### ##...#
#### #....###
#.## .#.##
#....## ##
....## ###.WW#
.....##
###...#
......####
###...#
.........##
#...#
...###....##
#..#


You could see 3 freezing wraiths and an ice beast.

Vanquished Creatures
  Erolcha (D:10)
  Pikel (D:9)
  A deep elf mage (D:11)
  2 ugly things
  2 kobold demonologists (D:11)
  2 centaur skeletons
  2 trolls
  A two-headed ogre (D:10)
  A wolf spider simulacrum (IceCv)
  2 wraiths (D:12)
  A shadow (D:11)
  4 yaks
  A wyvern (D:10)
  A steam dragon (D:9)
  A hungry ghost (D:7)
  3 hippogriffs
  Duvessa (D:4)
  A porcupine (D:10)
  5 orc warriors
  9 ice beasts
  5 phantoms
  3 sky beasts
  3 slaves (D:9)
  3 ogres
  The ghost of 4thArraOfDagon the Ruffian, an amateur TrIE (D:8)
  A black bear (D:7)
  The ghost of Tux the Ruffian, an amateur DrTm (D:3)
  2 wolves (D:10)
  A crocodile (D:11)
  2 centaurs
  2 big kobolds
  7 giant frogs
  A wyvern zombie (D:8)
  Dowan (D:4)
  9 killer bees
  2 water moccasin skeletons
  A scorpion (D:9)
  8 wights
  4 howler monkeys
  2 electric eels (D:10)
  2 giant frog zombies
  A centaur zombie (D:8)
  A crimson imp (D:12)
  14 hounds
  6 orc priests
  A giant frog skeleton (D:6)
  4 orc wizards
  A gnoll shaman (D:7)
  7 jellies
  Natasha (thrice) (D:3)
  2 iguanas
  A polar bear simulacrum (IceCv)
  2 wolf simulacra (IceCv)
  12 worker ants
  A killer bee zombie (D:5)
  A howler monkey skeleton (D:4)
  13 adders
  13 gnolls
  3 shadow imps
  17 white imps
  An ooze (D:5)
  An adder zombie (D:6)
  2 adder skeletons
  2 worms
  A dart slug (D:3)
  8 giant geckos
  42 orcs
  3 bats (D:2)
  6 giant cockroaches
  8 goblins
  6 hobgoblins
  10 jackals
  10 quokkas
  A ball python (D:3)
  A giant gecko skeleton (D:6)
  A giant gecko zombie (D:5)
  10 giant newts
  20 kobolds
  2 quokka skeletons (D:4)
  7 rats
348 creatures vanquished.

Vanquished Creatures (others)
  A slave (D:9)
  A quokka (D:4)
  A plant (D:7)
3 creatures vanquished.

Grand Total: 351 creatures vanquished

Notes
Turn   | Place    | Note
-------+----------+-------------------------------------------
     0 | D:1      | Amnesiac the Mummy Earth Elementalist began the quest for the Orb.
     0 | D:1      | Reached XP level 1. HP: 13/13 MP: 3/3
   245 | D:2      | You fall through a shaft!
   256 | D:3      | Reached XP level 2. HP: 19/19 MP: 0/5
   633 | D:3      | Noticed a phantom
   743 | D:3      | Found a sacrificial altar of Ru.
   783 | D:3      | Reached XP level 3. HP: 23/24 MP: 1/6
   789 | D:3      | Learned a level 3 spell: Stone Arrow
   803 | D:3      | Noticed Tux's ghost (amateur DrTm)
  1273 | D:4      | Found a white marble altar of Elyvilon.
  1404 | D:4      | Reached XP level 4. HP: 28/30 MP: 1/7
  1748 | D:4      | Found a staircase to the Ecumenical Temple.
  1757 | Temple   | Entered the Ecumenical Temple
  1840 | Temple   | Became a worshipper of Sif Muna the Loreminder
  3312 | D:2      | Reached skill level 1 in Conjurations
  3474 | D:2      | Reached XP level 5. HP: 35/35 MP: 6/8
  3822 | D:3      | Noticed Natasha
  3826 | D:3      | Killed Natasha
  4156 | D:3      | Killed Tux's ghost
  4156 | D:3      | Reached * piety under Sif Muna
  4156 | D:3      | Reached skill level 5 in Earth Magic
  4156 | D:3      | Reached XP level 6. HP: 21/41 MP: 0/9
  4160 | D:3      | Learned a level 2 spell: Passwall
  4915 | D:3      | Noticed Natasha
  4919 | D:3      | Killed Natasha
  5150 | D:4      | Noticed Duvessa
  5150 | D:4      | Noticed Dowan
  5512 | D:4      | Reached XP level 7. HP: 38/46 MP: 0/10
  5571 | D:4      | Found Maho Peo's Antique Weapon Shoppe.
  5862 | D:3      | Noticed Natasha
  5866 | D:3      | Killed Natasha
  6002 | D:4      | Killed Dowan
  6010 | D:5      | Entered Level 5 of the Dungeon
  6350 | D:4      | Killed Duvessa
  6535 | D:4      | Learned a level 5 spell: Lee's Rapid Deconstruction
  7098 | D:5      | Found a shimmering altar of Xom.
  7587 | D:5      | Reached ** piety under Sif Muna
  7874 | D:6      | Reached skill level 5 in Conjurations
  8228 | D:6      | Reached XP level 8. HP: 52/52 MP: 0/11
  8496 | D:6      | Found a glowing golden altar of the Shining One.
  8497 | D:6      | Found an iron altar of Okawaru.
  9054 | D:7      | Found an ancient bone altar of Kikubaaqudgha.
  9054 | D:7      | Found a blossoming altar of Fedhas.
  9189 | D:7      | Reached *** piety under Sif Muna
  9360 | D:7      | Learned a level 1 spell: Sandblast
  9629 | D:7      | Reached XP level 9. HP: 24/57 MP: 0/13
 10097 | D:7      | Learned a level 4 spell: Petrify
 10776 | D:8      | Reached **** piety under Sif Muna
 11174 | D:8      | Noticed a white ugly thing
 11518 | D:8      | Noticed 4thArraOfDagon's ghost (amateur TrIE)
 11531 | D:8      | Killed 4thArraOfDagon's ghost
 11857 | D:8      | Found a white marble altar of Elyvilon.
 12423 | D:8      | Reached XP level 10. HP: 63/63 MP: 10/16
 12450 | D:8      | Killed a white ugly thing
 12888 | D:9      | Noticed Pikel
 12893 | D:9      | Killed Pikel
 12893 | D:9      | Reached ***** piety under Sif Muna
 12893 | D:9      | Reached skill level 5 in Spellcasting
 13411 | D:9      | Identified Luizoj's Papyrus of Beguiling and the Volcanoes (Sif Muna gifted it to you on level 9 of the Dungeon)
 13411 | D:9      | Received a gift from Sif Muna
 14392 | D:10     | Entered Level 10 of the Dungeon
 15222 | D:10     | Learned a level 5 spell: Bolt of Magma
 15871 | D:10     | Noticed Erolcha
 15894 | D:10     | Killed Erolcha
 15897 | D:10     | Reached XP level 11. HP: 33/68 MP: 0/19
 16193 | D:10     | Found a staircase to the Lair.
 17616 | D:11     | Reached skill level 10 in Conjurations
 17903 | D:11     | Noticed a brown ugly thing
 17910 | D:11     | Killed a brown ugly thing
 18044 | D:11     | Reached skill level 10 in Earth Magic
 18125 | D:11     | Noticed a deep elf mage
 18129 | D:11     | Killed a deep elf mage
 18129 | D:11     | Received a gift from Sif Muna
 18857 | D:11     | Found a staircase to the Orcish Mines.
 19034 | D:12     | Identified the Reference Book on Companions
 19037 | D:12     | Got a fine robe
 19048 | D:12     | Identified the +2 robe of Ujaeles {rN+} (You found it on level 12 of the Dungeon)
 19126 | D:12     | Found a hide-covered altar of Uskayaw.
 19374 | D:12     | Found a frozen archway.
 19553 | IceCv    | Entered an ice cave
 19673 | IceCv    | Learned a level 6 spell: Iron Shot
 20002 | IceCv    | HP: 3/68 [freezing wraith (7)]
 20019 | IceCv    | HP: 1/68 [freezing wraith (6)]
 20019 | IceCv    | Mangled by a freezing wraith

Vault maps used:
D:1:      sevenhm_arrival_forest_fort_large_2
D:2:      first_bread
D:3:      nicolae_ru_the_path_less_chosen, uniq_natasha
D:4:      serial_shops, nicolae_shop_waterfront, elyvilon_altar_4, uniq_duvessa
D:5:      tgw_xom
D:6:      nicolae_overflow_hidden_temple
D:7:      grunt_temple_overflow_growth_and_decay
D:8:      minmay_bloctagon_deflated, lemuel_crystal_altar
D:9:      uniq_pikel
D:10:     erik_lair_island, uniq_erolcha
D:11:     hiddenorc1_lemuel
D:12:     basic_altar, portal_ice_cave_entry_imps, uniq_josephine
Temple:   zaba_magenta_temple
IceCv:    ice_cave_small_necro

Skill      XL: |  1  2  3  4  5  6  7  8  9 10 11 |
---------------+----------------------------------+-----
Earth Magic    | 3 4 5 6 7 8 9 10 | 10.0
Conjurations   | 1 2 5 6 8 9 10 | 10.1
Spellcasting   | 3 4 5 8 |  8.5
Dodging        | |  1.5
Stealth        | |  1.5
Transmutations | |  0.7

Action                   |  1- 3 |  4- 6 |  7- 9 | 10-12 || total
-------------------------+-------+-------+-------+-------++-------
Melee: Short sword       |       |    12 |       |       ||    12
       Unarmed           |       |     2 |       |       ||     2
       Spear             |       |    41 |    60 |    55 ||   156
 Cast: Sandblast         |    49 |    92 |       |       ||   141
       Stone Arrow       |     1 |    43 |   236 |   322 ||   602
       Lee's Rapid Decon |       |       |     3 |     7 ||    10
       Passwall          |       |       |     1 |       ||     1
       Petrify           |       |       |       |     4 ||     4
Invok: Divine Energy     |       |     1 |       |       ||     1
  Use: Scroll            |       |       |     9 |    10 ||    19
 Stab: Petrified         |       |       |       |     1 ||     1
Armor: Robe              |     5 |    11 |    24 |    47 ||    87
Dodge: Dodged            |    35 |    71 |    89 |   143 ||   338
